 Dungeon Crawl Stone Soup version 0.28-a0-1555-g9ae15a6949 (webtiles) character file.

Game seed: 5510764011068534643

457 mordus the Shield-Bearer (level 7, -13/52 HPs)
             Began as a Formicid Fighter on Jan 18, 2022.
             Blown up by Ijyb (20 damage)
             ... with a mindburst bolt
             ... on level 4 of the Dungeon.
             The game lasted 00:04:10 (3763 turns).

mordus the Shield-Bearer (Formicid Fighter)         Turns: 3763, Time: 00:04:11

Health: -13/52     AC:  7    Str: 23    XL:     7   Next: 27%
Magic:  7/7        EV:  9    Int:  7    God:
Gold:   218        SH:  5    Dex: 10    Spells: 6/6 levels left

rFire   . . .      SeeInvis +   a - +0 long sword
rCold   . . .      Faith    .   c - +0 buckler
rNeg    . . .      Spirit   .   b - +0 scale mail
rPois   .          Reflect  .   (helmet unavailable)
rElec   .          Harm     .   (no cloak)
rCorr   .          Rampage  .   (no gloves)
Will    .....                   (no boots)
Stlth   ..........              (no amulet)
HPRegen 0.17/turn               (no ring)
MPRegen 0.10/turn               (no ring)

@: no status effects
A: permanent stasis, dig shafts and tunnels, antennae 3, four strong arms
a: Dig, Shaft Self


You were on level 4 of the Dungeon.
You visited 1 branch of the dungeon, and saw 4 of its levels.

You collected 218 gold pieces.

Inventory:

Hand Weapons
 a - a +0 long sword (weapon)
Armour
 b - a +0 scale mail (worn)
 c - a +0 buckler (worn)
Wands
 p - a wand of polymorph (11)
Scrolls
 e - 3 scrolls of identify {unknown}
 f - 3 scrolls of teleportation {unknown}
 g - 2 scrolls of brand weapon {unknown}
 h - a scroll of immolation {unknown}
 i - a scroll of fear {unknown}
 k - 3 scrolls of noise {unknown}
 l - a scroll of vulnerability {unknown}
 n - 2 scrolls of amnesia {unknown}
 q - a scroll of enchant weapon {unknown}
Potions
 d - a potion of might
 j - a potion of mutation {unknown}
 m - a potion of attraction {unknown}
 o - a potion of curing {unknown}


   Skills:
 - Level 3.2 Fighting
 * Level 5.3 Long Blades
 + Level 5.0 Armour
 + Level 5.6 Shields


You had 6 spell levels left.
You didn't know any spells.
Your spell library contained the following spells:

 Spells                   Type           Power      Damage    Failure   Level
 Magic Dart               Conj           0%         1d3       80%         1
 Call Imp                 Summ           0%         N/A       90%         2
 Static Discharge         Conj/Air       0%         N/A       90%         2
 Mephitic Cloud           Conj/Pois/Air  0%         N/A       99%         3
 Fireball                 Conj/Fire      0%         3d3       100%        5
 Iskenderun's Battlesphe  Conj           0%         2d6       100%        5
 Lightning Bolt           Conj/Air       0%         1d11      100%        5
 Conjure Ball Lightning   Conj/Air       0%         3x3d6     100%        6
 Orb of Destruction       Conj           0%         9d5       100%        7
 Maxwell's Capacitive Co  Air            0%         ∞         100%        8


Dungeon Overview and Level Annotations

Branches:
Dungeon (4/15)
 Temple: D:4-7

Altars:
Qazlal

Annotations:
D:4 Ijyb


Innate Abilities, Weirdness & Mutations

You cannot be hasted, slowed, berserked, paralysed or teleported.
You can dig through walls and to a lower floor.
You have a pair of large antennae on your head. (SInv)
Your four strong arms can wield two-handed weapons with a shield.


Message History

Your life force feels restored.
Your Armour skill increases to level 5!
You see here a necrophage corpse.
You see here a necrophage corpse.
There is an open door here.
Found a stone staircase leading up.
No target in view!
Things that are here:
10 bolts; 22 arrows No target in view!
Found a stone staircase leading down.
No target in view!
No target in view!
You sense a monster nearby.
No target in view!
No target in view!
No target in view!
No target in view!
No target in view!
Ijyb the Twisted Goblin comes into view.
She is wielding a +0 dagger and carrying a wand of mindburst (21).
Ijyb shouts!
Ijyb zaps a wand.
Your mind is blasted!
Ijyb hits you but does no damage.
You hit Ijyb.
Ijyb is moderately wounded.
Ijyb zaps a wand.
Your mind is blasted!
You barely miss Ijyb.
Ijyb is moderately wounded.
Ijyb zaps a wand.
Your mind is blasted!
You hit Ijyb.
Ijyb is moderately wounded.
You block Ijyb's attack.
You miss Ijyb.
Ijyb is moderately wounded.
Ijyb zaps a wand.
Your mind is blasted!
* * * LOW HITPOINT WARNING * * *
You slash Ijyb!
Ijyb is severely wounded.
You block Ijyb's attack.
Ijyb zaps a wand.
Your mind is blasted!
You die...

#............(# ##.###########.#
....# #.# ##..# #.##### ## #..#
#.....+{ .. ##..# #.##### ..
.#..# #.# ######## .#..#
#.#########..≈≈≈≈≈.. .#..#
#>.@g.....#.≈.....≈. .#..#
###########.≈.≈≈≈.≈. ....#
#...#.....#.≈≈...≈≈.
...###########...#.....#.≈≈._.≈≈.
.............'...'.....#.≈≈..(≈≈.
##...#########...#.....#.≈.≈≈≈.≈.
##...# #...#.###.#.≈.....≈.
#...#########...#.# #.#..≈≈≈≈≈..
#...'.............# #..#########


You could see Ijyb.

Vanquished Creatures
  Sigmund (D:4)
  A necrophage (D:4)
  A phantom (D:4)
  A howler monkey (D:4)
  An orc wizard (D:3)
  An adder (D:2)
  An adder skeleton (D:4)
  A dart slug (D:1)
  2 orcs (D:3)
  4 ball pythons
  3 endoplasms
  7 hobgoblins
  3 jackals (D:1)
  10 kobolds
  2 quokkas
  4 bats (D:1)
  5 frilled lizards
  2 goblins
  4 rats
54 creatures vanquished.

Notes
Turn   | Place    | Note
-------+----------+-------------------------------------------
     0 | D:1      | mordus the Formicid Fighter began the quest for the Orb.
     0 | D:1      | Reached XP level 1. HP: 18/18 MP: 1/1
   258 | D:1      | Reached XP level 2. HP: 24/24 MP: 2/2
   835 | D:1      | Reached XP level 3. HP: 29/29 MP: 3/3
  1898 | D:3      | Reached XP level 4. HP: 27/35 MP: 4/4
  2183 | D:3      | Found a faded altar of an unknown god.
  2920 | D:4      | Noticed a phantom
  2938 | D:4      | Killed a phantom
  2939 | D:4      | Reached XP level 5. HP: 17/41 MP: 5/5
  3187 | D:4      | Noticed Sigmund
  3221 | D:4      | Killed Sigmund
  3222 | D:4      | Reached skill level 5 in Shields
  3222 | D:4      | Reached XP level 6. HP: 16/47 MP: 6/6
  3474 | D:4      | Found a stormy altar of Qazlal.
  3517 | D:4      | Reached skill level 5 in Long Blades
  3517 | D:4      | Reached XP level 7. HP: 44/52 MP: 7/7
  3631 | D:4      | Reached skill level 5 in Armour
  3756 | D:4      | Noticed Ijyb
  3763 | D:4      | Blown up by Ijyb

Illustrated notes

Levels and vault maps discovered:
D:1:      dpeg_arrival_court, layout_rooms
D:2:      layout_loops_cross, minmay_misc_feat_four_crosses
D:3:      layout_basic, nicolae_overflow_hidden_temple,
          shapermc_ecumenical_altar_acropolis
D:4:      layout_basic, mainiacjoe_overflow_paths, kennysheep_orc_sif_temple,
          nicolae_specific_store, kennysheep_potato, uniq_ijyb,
          uniq_blork_the_orc, uniq_sigmund

Skill      XL: |  1  2  3  4  5  6  7 |
---------------+----------------------+-----
Shields        | 4 5 |  5.6
Long Blades    | 3 4 5 |  5.3
Armour         | 4 5 |  5.0
Fighting       | |  3.2

Action                   |  1- 3 |  4- 6 |  7- 9 || total
-------------------------+-------+-------+-------++-------
Melee: Long sword        |   102 |    60 |    17 ||   179
       Unarmed           |       |    14 |       ||    14
Armor: Scale mail        |    59 |    27 |     5 ||    91
Dodge: Dodged            |    44 |    29 |     3 ||    76
Block: Buckler           |    21 |    15 |     3 ||    39

Table legend: (Time is in decaauts)
 A = Elapsed time spent in this place.
 B = Non-inter-level travel time spent in this place.
 C = Inter-level travel time spent in this place.
 D = Time resting spent in this place.
 E = Time spent auto-exploring this place.
 F = Levels seen in this place.
 G = Mean time per level.
                   A        B        C        D        E       F      G
               +--------+--------+--------+--------+--------+-----+--------+
         Total |   3806 |   3711 |     95 |    844 |   2362 |   4 |  951.5 |
       Dungeon |   3806 |   3711 |     95 |    844 |   2362 |   4 |  951.5 |
               +--------+--------+--------+--------+--------+-----+--------+

Top non-repeatable levels by time:
     D:3: 1136 daAuts
     D:1: 965 daAuts
     D:4: 856 daAuts
     D:2: 848 daAuts
